TOP OF THE 1ST |
Columbia Fireflies batting - Pitching for Biloxi Shuckers : LHP Taek-hyun Kim
|
Pitching: LHP Taek-hyun Kim
|
|
Batting: RHB Zhao-ying Joe
|
0-0: Ball 1-0: Swinging Strike 1-1: Swinging Strike 1-2: Ground out 6-3 (Groundball, 6M, EV 102.5 MPH)
|
Batting: SHB Jason Caruso
|
0-0: Ball 1-0: Called Strike 1-1: Fly out, F9 (Flyball, 9S, EV 85.6 MPH)
|
Batting: LHB Bayesa Mundhir
|
0-0: Ball 1-0: Ball 2-0: Ball 3-0: Called Strike 3-1: Called Strike 3-2: Strikes out swinging
|
Top of the 1st over - 0 runs, 0 hits, 0 errors, 0 left on base; Columbia 0 - Biloxi 0 |
BOTTOM OF THE 1ST |
Biloxi Shuckers batting - Pitching for Columbia Fireflies : LHP Keith Noftall
|
Pitching: LHP Keith Noftall
|
|
Batting: SHB Mike Williams
|
0-0: Foul Ball, location: 2F 0-1: Foul Ball, location: 2F 0-2: Ball 1-2: Foul Ball, location: 2F 1-2: Foul Ball, location: 2F 1-2: SINGLE (Line Drive, 9S, EV 91.9 MPH)
|
Batting: RHB Josh Nelson
|
0-0: Ball 1-0: 2-RUN HOME RUN (Flyball, 7D, EV 100.6 MPH), Distance : 384 ft
|
Batting: RHB Vinny Estrada
|
0-0: Foul Ball, location: 2F 0-1: Foul Ball, location: 2F 0-2: Foul Ball, location: 2F 0-2: Foul Ball, location: 2F 0-2: Foul Ball, location: 2F 0-2: Strikes out swinging
|
Batting: RHB Steve Byerly
|
0-0: Swinging Strike 0-1: Ball 1-1: Ball 2-1: Ground out 4-3 (Groundball, 4, EV 92.5 MPH)
|
Batting: RHB Matthew Adams
|
0-0: Swinging Strike 0-1: Foul Ball, location: 2F 0-2: Ground out 4-3 (Groundball, 4, EV 85.6 MPH)
|
Bottom of the 1st over - 2 runs, 2 hits, 0 errors, 0 left on base; Columbia 0 - Biloxi 2 |
TOP OF THE 2ND |
Columbia Fireflies batting - Pitching for Biloxi Shuckers : LHP Taek-hyun Kim
|
Batting: SHB Justin Wallace
|
0-0: Swinging Strike 0-1: Called Strike 0-2: Ball 1-2: Fly out, F9 (Flyball, 9, EV 87.5 MPH)
|
Batting: LHB Tony Leyba
|
0-0: Reached on error, E3 (Groundball, 3, EV 101.9 MPH)
|
Batting: RHB Jake Geib
|
0-0: Ball 1-0: Ground out 6-3 (Groundball, P, EV 85.6 MPH) Tony Leyba to second
|
Batting: RHB J.D. Brese
|
0-0: Called Strike 0-1: Swinging Strike 0-2: Fly out, F7 (Flyball, 7LS, EV 92.5 MPH)
|
Top of the 2nd over - 0 runs, 0 hits, 1 error, 1 left on base; Columbia 0 - Biloxi 2 |
BOTTOM OF THE 2ND |
Biloxi Shuckers batting - Pitching for Columbia Fireflies : LHP Keith Noftall
|
Batting: RHB Brian Landrum
|
0-0: Foul Ball, location: 2F 0-1: SINGLE (Groundball, 56, EV 103.1 MPH)
|
Batting: RHB Skyler Goss
|
0-0: SINGLE (Groundball, 6MD, EV 98.8 MPH) Brian Landrum to second
|
Batting: SHB Robert Sayer
|
0-0: Foul Ball, location: 2F 0-1: Called Strike 0-2: Foul Ball, location: 2F 0-2: Fly out, F4 (Popup, 23, EV 92.5 MPH)
|
Batting: RHB Jonathan Sarles
|
0-0: Called Strike 0-1: DOUBLE (Flyball, 89XD, EV 100.6 MPH) Brian Landrum scores Skyler Goss to third
|
Batting: SHB Mike Williams
|
0-0: Ball 1-0: Called Strike 1-1: Ground out 4-3 (Groundball, 4, EV 85.6 MPH) Skyler Goss scores Jonathan Sarles to third
|
Batting: RHB Josh Nelson
|
0-0: DOUBLE (Flyball, 78D, EV 103.1 MPH) Jonathan Sarles scores
|
Batting: RHB Vinny Estrada
|
0-0: Ball 1-0: Called Strike 1-1: Ball 2-1: Fly out, F8 (Flyball, 8LM, EV 91.2 MPH)
|
Bottom of the 2nd over - 3 runs, 4 hits, 0 errors, 1 left on base; Columbia 0 - Biloxi 5 |
TOP OF THE 3RD |
Columbia Fireflies batting - Pitching for Biloxi Shuckers : LHP Taek-hyun Kim
|
Batting: RHB Frank Shaw
|
0-0: Called Strike 0-1: Foul Ball, location: 2F 0-2: Foul Ball, location: 2F 0-2: Ground out 4-3 (Groundball, 4MS, EV 86.2 MPH)
|
Batting: SHB Callum Lynch
|
0-0: Ball 1-0: Ball 2-0: Foul Ball, location: 2F 2-1: Ball 3-1: Swinging Strike 3-2: Fly out, F9 (Line Drive, 9S, EV 92.5 MPH)
|
Batting: RHB Zhao-ying Joe
|
0-0: Foul Ball, location: 2F 0-1: Ball 1-1: Called Strike 1-2: Foul Ball, location: 2F 1-2: Foul Ball, location: 2F 1-2: Ball 2-2: Foul Ball, location: 2F 2-2: Foul Ball, location: 2F 2-2: Ball 3-2: Strikes out swinging
|
Top of the 3rd over - 0 runs, 0 hits, 0 errors, 0 left on base; Columbia 0 - Biloxi 5 |
BOTTOM OF THE 3RD |
Biloxi Shuckers batting - Pitching for Columbia Fireflies : LHP Keith Noftall
|
Batting: RHB Steve Byerly
|
0-0: Called Strike 0-1: Foul Ball, location: 2F 0-2: Ball 1-2: SINGLE (Line Drive, 9S, EV 94.4 MPH)
|
Batting: RHB Matthew Adams
|
0-0: Called Strike 0-1: Fly out, F7 (Flyball, 7D, EV 91.9 MPH)
|
Batting: RHB Brian Landrum
|
0-0: Called Strike 0-1: Foul Ball, location: 2F 0-2: Ball 1-2: Strikes out swinging
|
Batting: RHB Skyler Goss
|
0-0: Called Strike 0-1: Foul Ball, location: 2F 0-2: Ball 1-2: Foul Ball, location: 2F 1-2: Ball 2-2: Foul Ball, location: 2F 2-2: Foul Ball, location: 2F 2-2: SINGLE (Flyball, 89S, EV 87.5 MPH) Steve Byerly to second Runner from 2nd tries for 3rd, SAFE, no throw by RF
|
Pitching: LHP Mike Capers
|
|
Batting: SHB Robert Sayer
|
0-0: Ball 1-0: Fly out, F8 (Flyball, 8LD, EV 85.6 MPH)
|
Bottom of the 3rd over - 0 runs, 2 hits, 0 errors, 2 left on base; Columbia 0 - Biloxi 5 |
TOP OF THE 4TH |
Columbia Fireflies batting - Pitching for Biloxi Shuckers : LHP Taek-hyun Kim
|
Batting: SHB Jason Caruso
|
0-0: Ball 1-0: Ball 2-0: Ball 3-0: Called Strike 3-1: Called Strike 3-2: SINGLE (Groundball, 56D, EV 104.4 MPH)
|
Batting: LHB Bayesa Mundhir
|
0-0: Swinging Strike 0-1: Grounds into double play, 5-4-3 (Groundball, 56, EV 85.0 MPH)
|
Batting: SHB Justin Wallace
|
0-0: Swinging Strike 0-1: Called Strike 0-2: Ball 1-2: Ball 2-2: Foul Ball, location: 2F 2-2: Strikes out swinging
|
Top of the 4th over - 0 runs, 1 hit, 0 errors, 0 left on base; Columbia 0 - Biloxi 5 |
BOTTOM OF THE 4TH |
Biloxi Shuckers batting - Pitching for Columbia Fireflies : LHP Mike Capers
|
Batting: RHB Jonathan Sarles
|
0-0: Foul Ball, location: 2F 0-1: Reached via error on a dropped throw from 1B, E1 (Groundball, 34, EV 99.4 MPH)
|
Batting: SHB Mike Williams
|
0-0: Called Strike 0-1: Reached on error, E2 (Groundball, 2R, EV 65.0 MPH) Jonathan Sarles to second
|
Batting: RHB Josh Nelson
|
0-0: Called Strike 0-1: Ball 1-1: Foul Ball, location: 2F 1-2: SINGLE (Groundball, 4MD, EV 105.6 MPH) Jonathan Sarles to third Mike Williams to second
|
Batting: RHB Vinny Estrada
|
0-0: Ball 1-0: Ball 2-0: SINGLE (Groundball, 6S, EV 65.0 MPH) (infield hit) Jonathan Sarles scores Mike Williams to third Josh Nelson to second
|
Batting: RHB Steve Byerly
|
0-0: Called Strike 0-1: Ball 1-1: Grounds into double play, 4-6-3 (Groundball, 4, EV 89.4 MPH) Mike Williams scores Josh Nelson to third
|
Batting: RHB Matthew Adams
|
0-0: Ball 1-0: Ball 2-0: Ball 3-0: Called Strike 3-1: Swinging Strike 3-2: Foul Ball, location: 2F 3-2: Strikes out swinging
|
Bottom of the 4th over - 2 runs, 2 hits, 2 errors, 1 left on base; Columbia 0 - Biloxi 7 |
TOP OF THE 5TH |
Columbia Fireflies batting - Pitching for Biloxi Shuckers : LHP Taek-hyun Kim
|
Batting: LHB Tony Leyba
|
0-0: Ball 1-0: Called Strike 1-1: Ground out 6-3 (Groundball, 6MD, EV 86.9 MPH)
|
Batting: RHB Jake Geib
|
0-0: Called Strike 0-1: Swinging Strike 0-2: Ball 1-2: Strikes out looking
|
Batting: RHB J.D. Brese
|
0-0: Ball 1-0: Called Strike 1-1: Ball 2-1: Called Strike 2-2: Ground out 2-3 (Groundball, 15S, EV 71.9 MPH)
|
Top of the 5th over - 0 runs, 0 hits, 0 errors, 0 left on base; Columbia 0 - Biloxi 7 |
BOTTOM OF THE 5TH |
Biloxi Shuckers batting - Pitching for Columbia Fireflies : LHP Mike Capers
|
Batting: RHB Brian Landrum
|
0-0: Ball 1-0: Ground out 6-3 (Groundball, 6, EV 96.9 MPH)
|
Batting: RHB Skyler Goss
|
0-0: Ball 1-0: Fly out, F3 (Popup, 3F, EV 77.5 MPH)
|
Batting: SHB Robert Sayer
|
0-0: Swinging Strike 0-1: Ball 1-1: Ball 2-1: Swinging Strike 2-2: Reached on error, E5 (Groundball, 56, EV 107.5 MPH)
|
Batting: RHB Jonathan Sarles
|
0-0: Ball 1-0: Ball 2-0: Swinging Strike 2-1: Fly out, F8 (Flyball, 8RS, EV 71.2 MPH)
|
Bottom of the 5th over - 0 runs, 0 hits, 1 error, 1 left on base; Columbia 0 - Biloxi 7 |
TOP OF THE 6TH |
Columbia Fireflies batting - Pitching for Biloxi Shuckers : LHP Taek-hyun Kim
|
Batting: RHB Frank Shaw
|
0-0: Ball 1-0: Fly out, F9 (Flyball, 9, EV 90.0 MPH)
|
Batting: SHB Callum Lynch
|
0-0: SINGLE (Groundball, 34D, EV 102.5 MPH)
|
Batting: RHB Zhao-ying Joe
|
0-0: Called Strike 0-1: Foul Ball, location: 2F 0-2: Foul Ball, location: 2F 0-2: Ball 1-2: Ball 2-2: Foul Ball, location: 2F 2-2: Ball 3-2: Base on Balls Callum Lynch to second
|
Batting: SHB Jason Caruso
|
0-0: Fielders Choice at 2nd, 4-6 (Groundball, 4, EV 83.8 MPH) Callum Lynch to third
|
Batting: LHB Bayesa Mundhir
|
0-0: Swinging Strike 0-1: Ball 1-1: Ground out 1-3 (Groundball, 13S, EV 69.4 MPH)
|
Top of the 6th over - 0 runs, 1 hit, 0 errors, 2 left on base; Columbia 0 - Biloxi 7 |
BOTTOM OF THE 6TH |
Biloxi Shuckers batting - Pitching for Columbia Fireflies : LHP Mike Capers
|
Batting: SHB Mike Williams
|
0-0: Ball 1-0: Called Strike 1-1: Foul Ball, location: 2F 1-2: Foul Ball, location: 2F 1-2: SINGLE (Groundball, 34D, EV 108.1 MPH)
|
Batting: RHB Josh Nelson
|
0-0: Foul Ball, location: 2F 0-1: Ball 1-1: SINGLE (Line Drive, 3, EV 98.8 MPH) Mike Williams to second
|
Pitching: RHP Justin Overlie
|
|
Batting: RHB Vinny Estrada
|
0-0: Ball 1-0: Called Strike 1-1: Called Strike 1-2: Ball 2-2: Fielders Choice at 2nd, 5-4 (Groundball, 56S, EV 82.5 MPH) Mike Williams to third
|
Batting: RHB Steve Byerly
|
0-0: Called Strike 0-1: Swinging Strike 0-2: Fielders Choice at 2nd, 5-4 (Groundball, 5, EV 105.6 MPH) Mike Williams scores
|
Batting: RHB Matthew Adams
|
0-0: Ball 1-0: Foul Ball, location: 2F 1-1: Swinging Strike 1-2: Strikes out swinging
|
Bottom of the 6th over - 1 run, 2 hits, 0 errors, 1 left on base; Columbia 0 - Biloxi 8 |
TOP OF THE 7TH |
Columbia Fireflies batting - Pitching for Biloxi Shuckers : LHP Taek-hyun Kim
|
Batting: SHB Justin Wallace
|
0-0: Ball 1-0: SINGLE (Groundball, 5D, EV 105.0 MPH)
|
Batting: LHB Tony Leyba
|
0-0: Ball 1-0: Called Strike 1-1: Ball 2-1: Foul Ball, location: 2F 2-2: DOUBLE (Line Drive, 5D, EV 106.2 MPH) Justin Wallace to third
|
Batting: RHB Jake Geib
|
0-0: Called Strike 0-1: Ball 1-1: Called Strike 1-2: Ball 2-2: Fly out, F8 (Line Drive, 8LD, EV 92.5 MPH) Runner from 3rd tags up, SCORES, throw by CF
|
Pitching: RHP Tony Valdez
|
|
Batting: RHB J.D. Brese
|
0-0: Ball 1-0: Swinging Strike 1-1: Ball 2-1: Foul Ball, location: 2F 2-2: Foul Ball, location: 2F 2-2: Strikes out swinging
|
Batting: RHB Frank Shaw
|
0-0: Ball 1-0: Ground out 6-3 (Groundball, 6, EV 101.9 MPH)
|
Top of the 7th over - 1 run, 2 hits, 0 errors, 1 left on base; Columbia 1 - Biloxi 8 |
BOTTOM OF THE 7TH |
Biloxi Shuckers batting - Pitching for Columbia Fireflies : RHP Justin Overlie
|
Batting: RHB Brian Landrum
|
0-0: Ground out U3 (Groundball, 3S, EV 90.0 MPH)
|
Batting: RHB Skyler Goss
|
0-0: Ball 1-0: Swinging Strike 1-1: Foul Ball, location: 2F 1-2: Ball 2-2: Ball 3-2: Strikes out looking
|
Batting: SHB Robert Sayer
|
0-0: Swinging Strike 0-1: Ball 1-1: Ball 2-1: Foul Ball, location: 2F 2-2: Ground out 2-3 (Groundball, 15S, EV 68.8 MPH)
|
Bottom of the 7th over - 0 runs, 0 hits, 0 errors, 0 left on base; Columbia 1 - Biloxi 8 |
TOP OF THE 8TH |
Columbia Fireflies batting - Pitching for Biloxi Shuckers : RHP Tony Valdez
|
Batting: SHB Callum Lynch
|
0-0: Called Strike 0-1: Ball 1-1: Reached on error, E3 (Groundball, 34, EV 94.4 MPH)
|
Batting: RHB Zhao-ying Joe
|
0-0: SINGLE (Groundball, 56, EV 102.5 MPH) Callum Lynch to third Runner from 3rd tries for Home, SAFE, throw by LF to home
|
Batting: SHB Jason Caruso
|
0-0: Fly out, F8 (Line Drive, 8RD, EV 86.2 MPH)
|
Batting: LHB Bayesa Mundhir
|
0-0: Ball 1-0: Ball 2-0: Foul Ball, location: 2F 2-1: Foul Ball, location: 2F 2-2: Strikes out swinging
|
Batting: SHB Justin Wallace
|
0-0: Ball 1-0: Ball 2-0: Foul Ball, location: 2F 2-1: Fly out, F6 (Flyball, 6D, EV 85.6 MPH)
|
Top of the 8th over - 1 run, 1 hit, 1 error, 1 left on base; Columbia 2 - Biloxi 8 |
BOTTOM OF THE 8TH |
Biloxi Shuckers batting - Pitching for Columbia Fireflies : RHP Justin Overlie
|
Batting: RHB Jonathan Sarles
|
0-0: Swinging Strike 0-1: Swinging Strike 0-2: Ball 1-2: Ball 2-2: Strikes out swinging
|
Batting: SHB Mike Williams
|
0-0: Ball 1-0: Foul Ball, location: 2F 1-1: Ball 2-1: Swinging Strike 2-2: Ball 3-2: Strikes out swinging, 2-3 out at first.
|
Batting: RHB Josh Nelson
|
0-0: SINGLE (Groundball, 6D, EV 95.6 MPH)
|
Batting: RHB Vinny Estrada
|
0-0: Ball 1-0: Ball 2-0: 2-RUN HOME RUN (Flyball, 7D, EV 93.1 MPH), Distance : 369 ft
|
Batting: RHB Steve Byerly
|
0-0: Ball 1-0: SOLO HOME RUN (Flyball, 7D, EV 103.8 MPH), Distance : 389 ft
|
Pinch Hitting: RHB Cameron Rattenbury
|
0-0: Called Strike 0-1: Ball 1-1: Ball 2-1: Ball 3-1: Base on Balls
|
Batting: RHB Brian Landrum
|
0-0: Foul Ball, location: 2F 0-1: SINGLE (Flyball, 7LS, EV 96.9 MPH) Cameron Rattenbury to second
|
Batting: RHB Skyler Goss
|
0-0: Ball 1-0: Ball 2-0: Fielders Choice at 2nd, 6-4 (Groundball, 56, EV 100.0 MPH)
|
Bottom of the 8th over - 3 runs, 4 hits, 0 errors, 2 left on base; Columbia 2 - Biloxi 11 |
TOP OF THE 9TH |
Columbia Fireflies batting - Pitching for Biloxi Shuckers : RHP Tony Valdez
|
Now in RF: Cameron Rattenbury
|
|
Batting: LHB Mototsune Suzuki
|
0-0: Swinging Strike 0-1: Ball 1-1: Foul Ball, location: 2F 1-2: Ball 2-2: Ball 3-2: Strikes out swinging
|
Batting: RHB Jake Geib
|
0-0: Called Strike 0-1: Called Strike 0-2: Ground out 5-3 (Groundball, 56, EV 85.0 MPH)
|
Batting: RHB J.D. Brese
|
0-0: Swinging Strike 0-1: Swinging Strike 0-2: Ball 1-2: Strikes out swinging
|
Top of the 9th over - 0 runs, 0 hits, 0 errors, 0 left on base; Columbia 2 - Biloxi 11 |
|